 Dungeon Crawl Stone Soup version 0.31.0-11-ge490571c62 (webtiles) character file.

Game seed: 7520015644229009089

143 qw the Ducker (level 5, -6/26 HPs)
             Began as a Spriggan Hunter on Feb 4, 2024.
             Killed from afar by Ijyb (16 damage)
             ... with a bolt of light
             ... on level 2 of the Dungeon.
             The game lasted 00:00:06 (1589 turns).

qw the Ducker (Spriggan Hunter)                     Turns: 1589, Time: 00:00:06

Health: -6/26      AC:  5    Str:  7    XL:     5   Next: 4%
Magic:  6/6        EV: 20    Int: 11    God:
Gold:   178        SH:  0    Dex: 20    Spells: 4/4 levels left

rFire   + . .        a - +1 shortbow
rCold   + . .        (shield currently unavailable)
rNeg    . . .        f - +2 robe {rC+ rF+}
rPois   .            (helmet restricted)
rElec   .            b - +0 cloak
rCorr   .            (gloves unavailable)
SInv    +            (boots unavailable)
Will    .....        e - amulet of regeneration
Stlth   +            (no ring)
HPRegen 1.04/turn    (no ring)
MPRegen 0.10/turn

%: no passive effects
@: confused, very quick
A: very small, no large weapons, unfitting armour, see invisible, speed 3
a: no special abilities


You were on level 2 of the Dungeon.
You visited 1 branch of the dungeon, and saw 3 of its levels.

You collected 178 gold pieces.


Innate Abilities, Weirdness & Mutations

You are very small and have problems with some larger weapons.
You are too small for most types of armour.
You have supernaturally acute eyesight. (SInv)
You cover ground extremely quickly. (Speed+++)


   Skills:
 - Level 2.0 Fighting
 + Level 5.0 Ranged Weapons
 - Level 5.3 Dodging
 - Level 1.5 Stealth


You had 4 spell levels left.
You didn't know any spells.
Your spell library was empty.

Inventory:

Hand Weapons
 a - a +1 shortbow (weapon)
Armour
 b - a +0 cloak (worn)
 f - a +2 robe of resistance (worn)
Jewellery
 e - an amulet of regeneration (around neck)

Dungeon Overview and Level Annotations

Branches:
Dungeon (3/15)

Altars:

Annotations:
D:2 1 runed translucent door, Crazy Yiuf, Ijyb, Natasha


Message History

There is a stone staircase leading up here.
You shoot an arrow. The arrow hits Ijyb.
Ijyb is lightly wounded.
Ijyb zaps a wand.
The bolt of light misses you.
The hobgoblin shouts!
1578 ||| STAIRDANCE Ijyb zaps a wand.
The bolt of light hits you!
Ouch! That really hurt!
You climb upwards.
Level annotation: 1 runed translucent door, Crazy Yiuf, Natasha
There is a stone staircase leading down here.
You shoot an arrow. The arrow barely misses Ijyb.
Ijyb zaps a wand.
The bolt of light misses you.
You shoot an arrow. The arrow hits Ijyb but does no damage.
Ijyb is lightly wounded.
Ijyb zaps a wand.
The bolt of light hits you!
You are confused.
Ouch! That really hurt!
Ijyb completely misses you.
Ijyb zaps a wand.
The bolt of light misses you. Ijyb completely misses you.
You feel less confused.
Ijyb zaps a wand.
The bolt of light hits you but does no damage.
You shoot an arrow. The arrow closely misses Ijyb.
Ijyb closely misses you.
You shoot an arrow. The arrow hits Ijyb.
Ijyb is moderately wounded.
Ijyb barely misses you.
You shoot an arrow. The arrow closely misses Ijyb.
Ijyb completely misses you.
You shoot an arrow. The arrow hits Ijyb but does no damage.
Ijyb is moderately wounded.
Ijyb misses you.
You shoot an arrow. The arrow hits Ijyb but does no damage.
Ijyb is moderately wounded.
Ijyb zaps a wand.
The bolt of light hits you!
You are confused.
Ouch! That really hurt!
You die...

....#........##...#...#
....#........####.#.#.###
....#..%............#...#
#####........)##.######.#
.# #.........##.#### #.#
.## #.........##....# #.#
..# ##........#####.# #.#
..####........#####.# #.#
...............g@)..# #.#
..##############)#### #.#
..# #.# ####.# ..#
#########.###....# ..#
#########.###.#### ..#
############### ..#
############### #.#
############### #.#
##################


You could see Ijyb.

Vanquished Creatures
  Jessica (D:2)
  Natasha (D:2)
  3 gnolls (D:2)
  2 ribbon worms (D:2)
  7 dart slugs
  An orc (D:2)
  3 ball pythons
  3 endoplasms (D:1)
  3 giant cockroaches
  3 goblins
  4 hobgoblins
  4 kobolds
  A quokka (D:1)
  4 bats
  3 frilled lizards
  2 rats
45 creatures vanquished.

Notes
Turn   | Place    | Note
-------+----------+-------------------------------------------
     0 | D:1      | qw the Spriggan Hunter began the quest for the Orb.
     0 | D:1      | Reached XP level 1. HP: 10/10 MP: 2/2
     0 | D:1      | 0 ||| qw: Version: 0.3-a-160-g6735b56
     0 | D:1      | 0 ||| qw: Game counter: 5814
     0 | D:1      | 0 ||| qw: Melee chars always use a shield: true
     0 | D:1      | 0 ||| qw: God list: Okawaru
     0 | D:1      | 0 ||| qw: Allow faded altars: false
     0 | D:1      | 0 ||| qw: Do Orc after clearing Dungeon:15 true
     0 | D:1      | 0 ||| qw: Do second Lair branch before Depths: true
     0 | D:1      | 0 ||| qw: Lair rune preference: random
     0 | D:1      | 0 ||| qw: Goals: Normal
     0 | D:1      | 0 ||| PLANNING D:1-11
    44 | D:1      | Reached skill level 3 in Dodging
   121 | D:1      | Reached XP level 2. HP: 14/14 MP: 3/3
   695 | D:1      | 695 ||| DROPPING +0 hat of stealth.
   696 | D:1      | 696 ||| UPGRADING to amulet of regeneration.
   701 | D:1      | 701 ||| READING scroll labelled KOUN CEURIALYRCH.
   701 | D:1      | 701 ||| ENCHANTING +0 shortbow.
   702 | D:1      | 702 ||| DROPPING scroll of butterflies.
   757 | D:2      | 757 ||| RETREEEEATING.
   760 | D:2      | Reached XP level 3. HP: 18/18 MP: 4/4
   831 | D:2      | Noticed Natasha
   837 | D:2      | Killed Natasha
   838 | D:2      | Reached XP level 4. HP: 20/22 MP: 5/5
   907 | D:2      | Noticed Jessica
   912 | D:2      | Killed Jessica
  1245 | D:2      | Found a runed translucent door.
  1246 | D:2      | Noticed Crazy Yiuf
  1247 | D:2      | Noticed Natasha
  1502 | D:2      | 1502 ||| UPGRADING to +0 cloak.
  1507 | D:2      | 1507 ||| UPGRADING to +2 robe of resistance.
  1517 | D:2      | 1517 ||| DROPPING +0 robe.
  1518 | D:2      | 1518 ||| READING scroll labelled POAFIGR ISIVOWK.
  1518 | D:2      | 1518 ||| IDENTIFYING scroll labelled ETYTHA SOGO
  1519 | D:2      | 1519 ||| READING scroll labelled GEENEPP UCSA.
  1520 | D:2      | 1520 ||| DROPPING scroll of immolation.
  1560 | D:3      | Reached XP level 5. HP: 26/26 MP: 6/6
  1562 | D:3      | Noticed Ijyb
  1563 | D:3      | 1563 ||| STAIRDANCE
  1568 | D:3      | 1568 ||| STAIRDANCE
  1578 | D:3      | 1578 ||| STAIRDANCE
  1581 | D:2      | HP: 2/26 [Ijyb/bolt of light (16)]
  1589 | D:2      | Killed from afar by Ijyb

Levels and vault maps discovered:
D:1:      beargit_arrival_diablo_church, layout_loops_ring,
          minmay_misc_feat_hallway
D:2:      layout_basic, uniq_jessica, uniq_natasha, uniq_crazy_yiuf_cottage
D:3:      layout_rooms, nrook_loot_triangle, bh_walls_and_bars, uniq_ijyb

Skill      XL: |  1  2  3  4 |
---------------+-------------+-----
Dodging        | 3 4 5 |  5.3
Ranged Weapons | 5 |  5.0
Fighting       | 2 |  2.0
Stealth        | |  1.5

Action                     |  1- 3 |  4- 6 || total
---------------------------+-------+-------++-------
   Fire: Shortbow          |    66 |    52 ||   118
    Use: Scroll            |     1 |     2 ||     3
 Armour: Robe              |    11 |     9 ||    20
  Dodge: Dodged            |    18 |    26 ||    44

Table legend:
 A = Non-vault XP
 B = Vault XP
 C = Vault XP percentage of total XP
 D = Non-vault monster count
 E = Vault monster count
 F = Vault count percentage of total count
                 A         B        C        D         E       F
            +---------+---------+-------+---------+---------+-------
      Total |     132 |      73 |  35.6 |      43 |       2 |   4.4
            +---------+---------+-------+---------+---------+-------
        D:1 |      39 |       0 |   0.0 |      17 |       0 |   0.0
        D:2 |      91 |      73 |  44.5 |      25 |       2 |   7.4
        D:3 |       2 |       0 |   0.0 |       1 |       0 |   0.0
            +---------+---------+-------+---------+---------+-------
